AoeStats
← Szorinx

Coastal Forest

510360327Analyzed
4v4 RM · 18h ago on Sep 30, 2026· 18m 27s· 8 players
Game mode
Random Map
Map size
Large (8 player)
Population
200
Speed
Normal
Resources
Standard
Victory
Conquest
Starting age
Dark Age
Ending age
Imperial Age
RankedLock teamsTeams togetherTeam positionsShared explorationLock speedFull tech treeHidden civsTurbo modeCheats
Victory
Defeat
🇮🇳 Celts · India
1344
+13
🇩🇪 Byzantines · Germany
1342
+13
🇩🇪 Armenians · Germany
1289
+15
1221
+18
🇪🇸 Celts · Spain
1321
-17
🇨🇿 Japanese · Czechia
1286
-15
🇸🇪 Magyars · Sweden
1246
-14
🇳🇱 Italians · Netherlands
1221
-13
()=>{return WooZy}
4:56 Loom
10:53 Feudal Age
12:42 Town Watch
18:24 Castle Age
16:25 Double-Bit Axe
Bezerker
10:56 Feudal Age
12:35 Double-Bit Axe
14:53 Castle Age
16:14 Bow Saw
16:14 Fishing Lines
16:35 Fletching
17:11 Loom
17:55 Gillnets
18:04 Bodkin Arrow
17:55 Crossbowman
M.Gallego
7:03 Loom
9:48 Feudal Age
14:34 Forging
13:56 Man-at-Arms
16:45 Scale Mail Armor
The Outpost Man
2:42 Loom
11:14 Feudal Age
12:39 Double-Bit Axe
Szorinx
11:46 Feudal Age
12:12 Double-Bit Axe
NotADuck
6:32 Loom
10:22 Feudal Age
12:57 Double-Bit Axe
16:00 Fletching
snek_fan
7:36 Loom
9:40 Feudal Age
13:58 Castle Age
14:59 Scale Barding Armor
boom n type gg noob team
10:24 Feudal Age
10:55 Double-Bit Axe
11:26 Horse Collar
11:51 Loom
19:02 Wheelbarrow
Connection lost

Rejoining the realm…

Still unreachable

The connection could not be restored.

Session expired

The server has moved on; the page needs a fresh start.